 Dungeon Crawl Stone Soup version 0.32-a0-931-g5a2cda0630 (webtiles) character file.

Game seed: 14183137469834284279

8337 Biggs the Grappler (level 11, -1/102 HPs)
             Began as a Troll Fighter on Apr 14, 2024.
             Was a Priest of Wu Jian.
             Slain by a hog (9 damage)
             ... led by Kirke
             ... on level 5 of the Lair of Beasts.
             The game lasted 00:29:34 (2524 turns).

Biggs the Grappler (Troll Fighter)                  Turns: 2524, Time: 00:29:34

Health: -1/102     AC: 10    Str: 30    XL:     11   Next: 8%
Magic:  10/10      EV:  8    Int:  4    God:    Wu Jian [***...]
Gold:   364        SH:  8    Dex:  9    Spells: 10/10 levels left

rFire   . .          .
                       - Unarmed
rCold   . . .        b - +0 kite shield
rNeg    . . .        p - +0 steam dragon scales
rPois   .            (helmet restricted)
rElec   .            q - +2 cloak
rCorr   .            (gloves unavailable)
SInv    +            (boots unavailable)
Will    .....        (no amulet)
Stlth   +            t - ring of see invisible
HPRegen 1.17/turn    (no ring)
MPRegen 0.12/turn

%: no passive effects
@: no status effects
A: large, unfitting armour, claws 3, regeneration 1, shaggy fur 1, tough skin 1
a: Renounce Religion, Wall Jump, Serpent's Lash


You were on level 5 of the Lair of Beasts.
You worshipped Wu Jian.
Wu Jian was most pleased with you.
You visited 3 branches of the dungeon, and saw 14 of its levels.

You collected 364 gold pieces.

Inventory:

Missiles
 e - 2 throwing nets (quivered)
 j - 2 curare-tipped darts
Armour
 b - a +0 kite shield (worn)
 h - a +0 tower shield
 p - +0 steam dragon scales (worn)
 q - a +2 cloak (worn)
Jewellery
 t - a ring of see invisible (left claw)
Wands
 d - a wand of quicksilver (12)
 l - a wand of flame (12)
Scrolls
 g - 2 scrolls of enchant armour
 i - 3 scrolls of amnesia
 k - 2 scrolls of noise
 m - 2 scrolls of identify
Potions
 n - a potion of mutation {unknown}
 r - a potion of degeneration {unknown}
 u - a potion of lignification {unknown}


   Skills:
 - Level 5.0 Fighting
 - Level 2.4 Dodging
 - Level 5.9 Shields
 + Level 13.9 Unarmed Combat
 - Level 5.0 Evocations


You had 10 spell levels left.
You didn't know any spells.
Your spell library contained the following spells:

 Spells                   Type           Power      Damage    Failure   Level
 Apportation              Tloc           0%         N/A       69%         1
 Kiss of Death            Conj/Necr      0%         2d5       69%         1
 Jinxbite                 Hex            0%         N/A       83%         2
 Confusing Touch          Hex            0%         N/A       96%         3
 Sigil of Binding         Hex            0%         N/A       96%         3
 Dispel Undead            Necr           0%         3d6       100%        4
 Alistair's Intoxication  Alch           0%         N/A       100%        5
 Death Channel            Necr           0%         N/A       100%        6
 Sculpt Simulacrum        Ice/Alch       0%         N/A       100%        6


Dungeon Overview and Level Annotations

Branches:
Dungeon (9/15)             Temple (1/1) D:4            Lair (3/5) D:9
 Spider (0/4) Lair:2        Slime (0/5) Lair:5
  Swamp: Lair:2-3    Shoals: Lair:2-3       Orc: D:9-12

Altars:
Ashenzari
Cheibriados
Dithmenos
Elyvilon
Fedhas
Gozag
Hepliaklqana
Kikubaaqudgha
Makhleb
Nemelex Xobeh
Okawaru
Qazlal
Ru
Sif Muna
Trog
Uskayaw
Vehumet
Wu Jian
Xom
Yredelemnul
Zin
The Shining One
Jiyva

Annotations:
Lair:1 Erica
Lair:3 1 runed translucent door, jkt's ghost, journeyman SpEn
Lair:5 Kirke


Innate Abilities, Weirdness & Mutations

You are too large for most types of armour.
You have claws for hands.
Your natural rate of healing is unusually fast.
You are covered in fur. (AC +1)
You have tough skin. (AC +1)


Message History

The blink frog looks even sicker.
You block the hog's attack.
The hog is engulfed in poison gas.
The hog looks as sick as possible!
The hog is engulfed in poison gas.
The hog looks as sick as possible!
The hog splashes around in the water.
You mangle Kirke!!
Kirke is heavily wounded.
The blink frog is engulfed in poison gas.
The blink frog looks as sick as possible!
Kirke mumbles some strange words.
Kirke summons a manticore!
The electric eel is engulfed in poison gas.
The electric eel looks even sicker.
The hog is engulfed in poison gas.
The hog looks as sick as possible!
You block the hog's attack. The hog closely misses you.
You closely miss Kirke.
Kirke is heavily wounded.
The blink frog is engulfed in poison gas.
The blink frog looks as sick as possible!
The hog is engulfed in poison gas.
The hog looks as sick as possible!
The hog bites you but does no damage.
The electric eel is engulfed in poison gas.
The electric eel looks as sick as possible!
You kill the electric eel!
The Council accepts your kill.
You can now briefly move at supernatural speeds.
You hear a splash.
You block Kirke's attack. The hog bites you!
* * * LOW HITPOINT WARNING * * *
The hog is engulfed in poison gas.
The hog looks as sick as possible!
You kill the hog!
The Council accepts your kill.
The blink frog is engulfed in poison gas.
The blink frog looks as sick as possible!
You scratch Kirke.
Kirke is heavily wounded.
The hog is engulfed in poison gas.
The hog looks as sick as possible!
The hog bites you but does no damage.
The manticore is engulfed in poison gas.
The manticore is poisoned.
The hog bites you!
You die...

§○☼#~§§○§☼§☼
§§§~☼☼○§§☼§
###§P~○§§§○§§
###§§☼§~P○○§P☼§
§§~§○☼○~☼~§§§P§
§○§§○§☼F§§§☼○§§
☼§§~○F@h☼§§§○○☼
§§§~☼§h@P#
§§§§§§H###
§○§§§§§ §☼§○○§#
☼§○### §§ §


You could see Kirke, a manticore (summoned, poisoned), a cane toad, 2 hogs and a
blink frog (extremely poisoned).

Vanquished Creatures
  An eye of devastation (Lair:5)
  2 black mambas
  5 cane toads
  2 komodo dragons
  A glass eye (Lair:5)
  4 dream sheep (Lair:5)
  A wraith (D:8)
  Eustachio (D:4)
  A wyvern (Lair:3)
  2 hogs (Lair:5)
  4 basilisks
  2 steam dragons (D:8)
  4 water moccasins
  2 ice beasts
  2 black bears
  5 wolves (Lair:3)
  2 ogres
  A phantom (D:6)
  A kobold brigand (D:6)
  4 bullfrogs
  A gnoll sergeant (D:6)
  10 scorpions
  An electric eel (Lair:5)
  2 orc priests
  A bombardier beetle (D:4)
  A gnoll bouda (D:8)
  3 hounds
  5 orc wizards
  2 iguanas (D:6)
  3 adders (D:5)
  12 gnolls
  A dart slug (D:4)
  2 ribbon worms
  15 orcs
  3 ball pythons
  An endoplasm (D:1)
  2 giant cockroaches (Lair:2)
  6 hobgoblins
  A jackal (D:4)
  9 kobolds
  3 bats
  A frilled lizard (D:1)
  2 goblins
  A rat (D:1)
135 creatures vanquished.

Notes
Turn   | Place    | Note
-------+----------+-------------------------------------------
     0 | D:1      | Biggs the Troll Fighter began the quest for the Orb.
     0 | D:1      | Reached XP level 1. HP: 22/22 MP: 0/0
   128 | D:2      | Reached XP level 2. HP: 29/29 MP: 1/1
   140 | D:2      | Found a faded altar of an unknown god.
   189 | D:3      | Reached skill level 3 in Unarmed Combat
   336 | D:3      | Reached skill level 4 in Unarmed Combat
   336 | D:3      | Reached XP level 3. HP: 31/36 MP: 2/2
   345 | D:3      | Reached XP level 4. HP: 43/44 MP: 3/3
   471 | D:4      | Noticed an ogre
   483 | D:4      | Noticed a scorpion
   492 | D:4      | Killed a scorpion
   493 | D:4      | Reached skill level 5 in Unarmed Combat
   493 | D:4      | Reached XP level 5. HP: 34/50 MP: 4/4
   506 | D:4      | Killed an ogre
   507 | D:4      | Reached skill level 6 in Unarmed Combat
   536 | D:4      | Reached XP level 6. HP: 39/59 MP: 5/5
   580 | D:4      | Reached skill level 7 in Unarmed Combat
   728 | D:4      | Found a staircase to the Ecumenical Temple.
   744 | Temple   | Entered the Ecumenical Temple
   753 | Temple   | Became a worshipper of the Wu Jian Council
   793 | D:4      | Noticed Eustachio
   805 | D:4      | Killed Eustachio
   806 | D:4      | Reached skill level 8 in Unarmed Combat
   806 | D:4      | Reached XP level 7. HP: 55/66 MP: 6/6
   812 | D:5      | Entered Level 5 of the Dungeon
   869 | D:5      | Reached skill level 9 in Unarmed Combat
   875 | D:5      | Identified the +1 falchion of Ruination {heavy, rF- Str+5}
   958 | D:5      | Found a broken altar of Ashenzari.
  1103 | D:6      | Reached * piety under Wu Jian
  1110 | D:6      | Reached XP level 8. HP: 59/74 MP: 7/7
  1146 | D:6      | Found a blossoming altar of Fedhas.
  1147 | D:6      | Found a stormy altar of Qazlal.
  1147 | D:6      | Found a bloodstained altar of Trog.
  1162 | D:6      | Reached skill level 10 in Unarmed Combat
  1173 | D:6      | Found a shimmering blue altar of Sif Muna.
  1394 | D:8      | Reached skill level 11 in Unarmed Combat
  1531 | D:9      | Noticed a hornet
  1626 | D:8      | Reached XP level 9. HP: 52/85 MP: 8/8
  1631 | D:8      | Reached ** piety under Wu Jian
  1714 | D:9      | Found a staircase to the Lair.
  1723 | Lair:1   | Entered Level 1 of the Lair of Beasts
  1730 | Lair:1   | Reached skill level 5 in Fighting
  1799 | Lair:1   | Noticed a cane toad
  1809 | Lair:1   | Killed a cane toad
  1810 | Lair:1   | Reached skill level 5 in Shields
  1875 | Lair:1   | Noticed Erica
  1952 | Lair:2   | Reached skill level 1 in Evocations
  1953 | Lair:2   | Noticed a black mamba
  1964 | Lair:2   | Killed a black mamba
  1978 | Lair:2   | Noticed a cane toad
  1993 | Lair:2   | Killed a cane toad
  2026 | Lair:2   | Reached XP level 10. HP: 55/96 MP: 9/9
  2057 | Lair:2   | Noticed a cane toad
  2063 | Lair:2   | Killed a cane toad
  2100 | Lair:2   | Noticed a cane toad
  2107 | Lair:2   | Killed a cane toad
  2141 | Lair:2   | Reached skill level 5 in Evocations
  2148 | Lair:2   | Found a hole to the Spider Nest.
  2225 | Lair:3   | Noticed a cane toad
  2243 | Lair:3   | Killed a cane toad
  2244 | Lair:3   | Reached skill level 12 in Unarmed Combat
  2248 | Lair:3   | Found a runed translucent door.
  2248 | Lair:3   | Found a shimmering altar of Xom.
  2248 | Lair:3   | Identified the +2 quick blade "Jekhaewu" {chaos, +Blink Fly
                  | Will+ Str+3}
  2248 | Lair:3   | Noticed a +2 quick blade "Jekhaewu" {chaos, +Blink Fly
                  | Will+ Str+3}
  2248 | Lair:3   | Noticed jkt's ghost (journeyman SpEn)
  2248 | Lair:3   | Noticed a death yak
  2249 | Lair:3   | Noticed a death yak
  2249 | Lair:3   | Noticed a death yak
  2260 | Lair:3   | Noticed a death yak
  2354 | Lair:3   | Noticed a death yak
  2389 | Lair:3   | You fall into a shaft and drop 2 floors!
  2389 | Lair:5   | Entered Level 5 of the Lair of Beasts
  2392 | Lair:5   | Noticed a death yak
  2393 | Lair:5   | Noticed a death yak
  2394 | Lair:5   | Noticed a death yak
  2417 | Lair:5   | Reached skill level 13 in Unarmed Combat
  2431 | Lair:5   | Reached *** piety under Wu Jian
  2441 | Lair:5   | Found a viscous altar of Jiyva.
  2442 | Lair:5   | Found a staircase to the Slime Pits.
  2442 | Lair:5   | Noticed an eye of devastation
  2446 | Lair:5   | HP: 4/96 [komodo dragon (8)]
  2453 | Lair:5   | Killed an eye of devastation
  2457 | Lair:5   | Reached XP level 11. HP: 26/102 MP: 10/10
  2515 | Lair:5   | Noticed Kirke
  2524 | Lair:5   | Slain by a hog

Illustrated notes

Levels and vault maps discovered:
D:1:      beargit_arrival_diablo_church, layout_basic
D:2:      layout_basic, shapermc_ecumenical_altar_totnotflames, nrook_uturn
D:3:      layout_basic, uniq_terence
D:4:      minmay_diamond_boxcup, layout_basic, minmay_temple_entry_slanted,
          nicolae_twisty_statue_hallways, uniq_eustachio
D:5:      layout_rooms, cheibrodos_ashenzari_chains, ebering_ghost_sewer_f,
          minmay_increasing_density
D:6:      layout_basic, grunt_temple_overflow_open,
          hellmonk_guarded_unrand_hermit
D:7:      hellmonk_destroyed_diamonds, layout_basic, uniq_maggie, uniq_joseph,
          uniq_duvessa, uniq_pikel
D:8:      layout_basic, serial_shops, nicolae_diamond_shop
D:9:      layout_cross, lair_entry_dummy
Temple:   sentei_temple_godly_chess
Lair:1:   layout_long_grid, beast_lair_carwin_9, uniq_erica
Lair:2:   layout_gridlike, elwin_shoals_entry_rooms,
          nicolae_spider_entry_non_spiders, serial_bayou_shore_a
Lair:3:   gammafunk_lair_enchanted_lake, layout_regular_city, ebering_ghost_xom,
          ice2_lemuel, uniq_amaemon
Lair:5:   minmay_lair_end_frog_pond, layout_regular_city,
          minmay_slime_entry_eyes, uniq_kirke

Skill      XL: |  1  2  3  4  5  6  7  8  9 10 |
---------------+-------------------------------+-----
Unarmed Combat | 4 5 6 8 9 11 13 | 13.9
Fighting       | 4 5 |  5.0
Shields        | 5 |  5.9
Evocations     | 3 5 |  5.0
Dodging        | |  2.4

Action                     |  1- 3 |  4- 6 |  7- 9 | 10-12 || total
---------------------------+-------+-------+-------+-------++-------
  Melee: Unarmed           |    55 |    78 |   215 |   109 ||   457
 Invoke: Serpent's Lash    |       |       |       |     1 ||     1
Ability: Lunge             |       |     2 |    20 |     6 ||    28
         Whirlwind         |       |       |    25 |    49 ||    74
    Use: Potion            |       |       |     3 |     2 ||     5
         Scroll            |       |       |       |    12 ||    12
   Stab: Sleeping          |       |       |     1 |       ||     1
 Armour: Robe              |    34 |    50 |   110 |       ||   194
         Steam dragon scal |       |       |    39 |    97 ||   136
  Dodge: Dodged            |    13 |    22 |    49 |    25 ||   109
  Block: Kite shield       |    25 |    29 |    73 |    42 ||   169

Table legend: (Time is in decaauts)
 A = Elapsed time spent in this place.
 B = Non-inter-level travel time spent in this place.
 C = Inter-level travel time spent in this place.
 D = Time resting spent in this place.
 E = Time spent auto-exploring this place.
 F = Levels seen in this place.
 G = Mean time per level.
                   A        B        C        D        E       F      G
               +--------+--------+--------+--------+--------+-----+--------+
         Total |   2507 |   2430 |     77 |     41 |      0 |  14 |  179.1 |
       Dungeon |   1699 |   1674 |     25 |      0 |      0 |   9 |  188.8 |
        Temple |     18 |      2 |     16 |      0 |      0 |   1 |   18.0 |
          Lair |    790 |    754 |     36 |     41 |      0 |   4 |  197.5 |
               +--------+--------+--------+--------+--------+-----+--------+

Top non-repeatable levels by time:
     D:4: 345 daAuts
  Lair:2: 338 daAuts
     D:8: 322 daAuts
     D:3: 272 daAuts
     D:6: 206 daAuts
     D:5: 204 daAuts
  Lair:1: 172 daAuts
  Lair:3: 147 daAuts
  Lair:5: 131 daAuts
     D:1: 107 daAuts
     D:7: 95 daAuts
     D:9: 73 daAuts
     D:2: 71 daAuts
  Temple: 18 daAuts
